 Dungeon Crawl Stone Soup version 0.32-a0-119-g2e8054a333 (webtiles) character file.

Game seed: 14716330709921260962

206 Ghostmaker01 the Ruffian (level 5, 0/38 HPs)
             Began as a Demonspawn Shapeshifter on Feb 6, 2024.
             Slain by an orc wizard
             ... wielding a +0 dagger
              (4 damage)
             ... on level 4 of the Dungeon.
             The game lasted 00:05:12 (2757 turns).

Ghostmaker01 the Ruffian (Demonspawn Shapeshifter)  Turns: 2757, Time: 00:05:12

Health: 0/38       AC:  2    Str: 16    XL:     5   Next: 53%
Magic:  6/7        EV: 12    Int: 11    God:
Gold:   223        SH:  0    Dex: 12    Spells: 6/6 levels left

rFire   . .          .
                       - Unarmed
rCold   . . .        (no shield)
rNeg    . . .        a - +0 animal skin
rPois   .            (helmet currently unavailable)
rElec   .            (cloak currently unavailable)
rCorr   .            (gloves currently unavailable)
SInv    .            (boots currently unavailable)
Will    .....        (no amulet)
Stlth   ++           (no ring)
HPRegen 0.26/turn    (no ring)
MPRegen 0.10/turn

%: no passive effects
@: beast-form
A: beast (slay +1), hooves 2, weakness stinger 1
a: Begin Untransformation


You were on level 4 of the Dungeon.
You were a hulking beast.
You visited 1 branch of the dungeon, and saw 4 of its levels.

You collected 223 gold pieces.

Inventory:

Armour
 a - a +0 animal skin (worn)
Jewellery
 i - a +4 ring of slaying
Talismans
 c - a beast talisman (active)
 d - a flux talisman
Scrolls
 e - a scroll of fog {unknown}
 f - a scroll of fear {unknown}
 j - a scroll of noise {unknown}
 k - a scroll of vulnerability
 l - a scroll of teleportation {unknown}
 q - a scroll of amnesia {unknown}
Potions
 b - a potion of lignification
 g - 2 potions of attraction
 h - a potion of brilliance {unknown}
 m - 4 potions of curing
 n - a potion of resistance {unknown}
 o - a potion of invisibility {unknown}
 p - a potion of haste {unknown}


   Skills:
 * Level 1.6 Fighting
 * Level 2.4 Dodging
 + Level 1.0 Stealth
 * Level 4.2 Unarmed Combat
 * Level 1.3 Spellcasting
 * Level 3.3 Shapeshifting


You had 6 spell levels left.
You didn't know any spells.
Your spell library was empty.

Dungeon Overview and Level Annotations

Branches:
Dungeon (4/15)
 Temple: D:4-7

Altars:
Vehumet


Innate Abilities, Weirdness & Mutations

You are a hulking beast.
Your limbs bulge with bestial killing power. (Slay +1)
You have hoof-like feet.
You have a small tail.


Message History

The orc priest miscasts a cantrip.
You hit the orc priest.
The orc priest is severely wounded.
The orc priest looks encouraged for a moment.
Something hits you.
The orc priest begins to cast a cantrip, but forgets the words!
The orc priest hits you with a +0 club.
* * * LOW HITPOINT WARNING * * *
Something hits you.
* * * LOW HITPOINT WARNING * * *
The orc priest casts a cantrip, but nothing happens.
The orc priest barely misses you.
You hit the orc priest. Your kick misses the orc priest.
The orc priest is severely wounded.
Something hits you.
* * * LOW HITPOINT WARNING * * *
The orc priest begins to cast a cantrip, but forgets the words!
You hit the orc priest.
The orc priest is almost dead.
You hear some strange, mumbled words.
A puff of flame appears from out of thin air!
The puff of flame hits you.
* * * LOW HITPOINT WARNING * * *
The orc priest closely misses you.
You feel better. Something barely misses you.
The orc priest calls upon Beogh to heal the orc priest.
You hit the orc priest.
You kill the orc priest!
Something hits you.
* * * LOW HITPOINT WARNING * * *
The orc priest looks satisfied for a moment.
Things that are here:
a +0 club; a +0 leather armour; an orc corpse Something hits you.
* * * LOW HITPOINT WARNING * * *
Something hits you.
* * * LOW HITPOINT WARNING * * *
Unknown command.
Something hits you.
You die...

#.# ###?#
#..o# #o###
####h######
#.....(...#
#.###.....#
#.
#.....#####
#.
#...h.....#
#.
#.....###.#
# #....<..#
###.###.#
#.....#
#######


You could see a black bear and an orc.

Vanquished Creatures
  A bombardier beetle (D:3)
  An orc priest (D:4)
  A river rat (D:3)
  6 adders
  3 dart slugs
  3 ribbon worms
  3 orcs (D:3)
  5 ball pythons
  6 bats
  7 endoplasms
  3 giant cockroaches
  3 hobgoblins
  4 jackals
  2 quokkas
  2 frilled lizards
  5 goblins
  5 kobolds
  6 rats
66 creatures vanquished.

Notes
Turn   | Place    | Note
-------+----------+-------------------------------------------
     0 | D:1      | Ghostmaker01 the Demonspawn Shapeshifter began the quest
                  | for the Orb.
     0 | D:1      | Reached XP level 1. HP: 15/15 MP: 1/1
   156 | D:1      | Reached skill level 3 in Unarmed Combat
   459 | D:1      | Discovered your monstrous ancestry.
   459 | D:1      | Gained mutation: You have large cloven feet. [demonic
                  | ancestry]
   459 | D:1      | Reached XP level 2. HP: 21/21 MP: 2/2
   981 | D:2      | Gained mutation: You have hoof-like feet. [demonic
                  | ancestry]
   981 | D:2      | Reached XP level 3. HP: 20/26 MP: 3/3
  1143 | D:2      | Found a faded altar of an unknown god.
  1285 | D:2      | Reached XP level 4. HP: 20/32 MP: 4/4
  1832 | D:3      | Found a radiant altar of Vehumet.
  1849 | D:3      | Identified the +6 long sword "Beliddo" {spect, +Blink rCorr
                  | Stlth+}
  1885 | D:3      | Reached skill level 4 in Unarmed Combat
  1886 | D:3      | Reached skill level 1 in Spellcasting
  1989 | D:3      | Gained mutation: You have a small tail. [demonic ancestry]
  1989 | D:3      | Reached XP level 5. HP: 29/37 MP: 6/6
  2083 | D:3      | Reached skill level 1 in Stealth
  2740 | D:4      | Noticed a black bear
  2757 | D:4      | Slain by an orc wizard

Illustrated notes

Levels and vault maps discovered:
D:1:      lemuel_arrival_muddy, layout_basic
D:2:      minmay_thinvault, layout_rooms, chequers_ecumenical_altar_lobes
D:3:      layout_basic, mainiacjoe_overflow_24_doors, gup_sewer_entry_bubbles
D:4:      layout_basic, temple_fountains, minmay_snake_closets,
          uniq_blork_the_orc

Skill      XL: |  1  2  3  4  5 |
---------------+----------------+-----
Unarmed Combat | 3 4 |  4.2
Dodging        | 2 |  2.4
Shapeshifting  | 3 |  3.3
Spellcasting   | 1 |  1.3
Stealth        | 1 |  1.0
Fighting       | |  1.6

Action                     |  1- 3 |  4- 6 || total
---------------------------+-------+-------++-------
  Melee: Unarmed           |    95 |    82 ||   177
         Kick              |    21 |    19 ||    40
         Punch             |     1 |     2 ||     3
         Tailslap          |       |     3 ||     3
    Use: Scroll            |       |     3 ||     3
         Potion            |       |     1 ||     1
   Stab: Sleeping          |     3 |     1 ||     4
 Armour: Animal skin       |    51 |    42 ||    93
  Dodge: Dodged            |    47 |    45 ||    92
   Form: Beast             |     1 |       ||     1

Table legend: (Time is in decaauts)
 A = Elapsed time spent in this place.
 B = Non-inter-level travel time spent in this place.
 C = Inter-level travel time spent in this place.
 D = Time resting spent in this place.
 E = Time spent auto-exploring this place.
 F = Levels seen in this place.
 G = Mean time per level.
                   A        B        C        D        E       F      G
               +--------+--------+--------+--------+--------+-----+--------+
         Total |   2780 |   2571 |    209 |     61 |   2068 |   4 |  695.0 |
       Dungeon |   2780 |   2571 |    209 |     61 |   2068 |   4 |  695.0 |
               +--------+--------+--------+--------+--------+-----+--------+

Top non-repeatable levels by time:
     D:3: 1022 daAuts
     D:2: 869 daAuts
     D:1: 833 daAuts
     D:4: 56 daAuts
